 Dungeon Crawl Stone Soup version 0.28-a0-43-g560ac104fe (webtiles) character file.

Game seed: 842893461016257309

12457 arson the Severer (level 11, -15/112 HPs)
             Began as a Minotaur Berserker on July 28, 2021.
             Was an Elder of Trog.
             Shot with an arrow by Nessos (16 damage)
             ... on level 12 of the Dungeon.
             The game lasted 00:21:55 (13228 turns).

arson the Severer (Minotaur Berserker)             Turns: 13228, Time: 00:21:58

Health: -15/112    AC: 17    Str: 26    XL:     11   Next: 62%
Magic:  10/10      EV:  8    Int:  4    God:    Trog [****..]
Gold:   542        SH:  7    Dex:  9    Spells: 10/10 levels left

rFire   . . .      SeeInvis .   o - +0 war axe
rCold   . . .      Faith    .   c - +3 warlock's mirror {reflect}
rNeg    . . .      Spirit   .   G - +1 chain mail {Will+}
rPois   .          Reflect  +   l - +0 hat
rElec   .          Harm     .   s - +0 cloak
rCorr   .          Rampage  .   u - +0 pair of gloves
Will    +....                   D - +0 pair of boots
Stlth   ..........              (no amulet)
HPRegen 0.28/turn               t - +4 ring of protection
MPRegen 0.12/turn               (no ring)

@: lethally poisoned (-15 -> -25)
A: horns 2, retaliatory headbutt
a: Renounce Religion, Berserk, Trog's Hand, Brothers in Arms


You were on level 12 of the Dungeon.
You worshipped Trog.
Trog was greatly pleased with you.
You visited 1 branch of the dungeon, and saw 12 of its levels.

You collected 602 gold pieces.
You spent 60 gold pieces at shops.

Inventory:

Hand Weapons
 o - a +0 war axe (weapon)
 J - the +10 quarterstaff of Superiority {flame, rF+ SInv}
   (You found it on level 10 of the Dungeon)

   It burns those it strikes, dealing additional fire damage.
   rF:        It protects you from fire.
   SInv:      It lets you see invisible.
 L - a +3 scimitar of flaming
Missiles
 B - a throwing net (quivered)
Armour
 c - the +3 warlock's mirror (worn) {reflect}
   (You found it on level 5 of the Dungeon)

   It can block and reflect piercing ranged attacks and magical attacks against
   the wielder's willpower.
 e - +0 ice dragon scales
 l - a +0 hat (worn)
 s - a +0 cloak (worn)
 u - a +0 pair of gloves (worn)
 D - a +0 pair of boots (worn)
 G - a +1 chain mail of willpower (worn)
 M - a scarf of invisibility
Jewellery
 p - an amulet of regeneration
 t - a +4 ring of protection (left hand)
Wands
 k - a wand of paralysis (7)
 n - a wand of iceblast (36)
 A - a wand of flame (18)
 C - a wand of digging (5)
Scrolls
 b - 2 scrolls of silence {unknown}
 g - 7 scrolls of teleportation
 i - 3 scrolls of brand weapon {unknown}
 q - 2 scrolls of enchant weapon
 r - 3 scrolls of torment {unknown}
 w - 2 scrolls of enchant armour {unknown}
 y - a scroll of immolation
 E - a scroll of fear
 F - a scroll of fog
 K - a scroll of vulnerability {unknown}
 N - a scroll of holy word {unknown}
Potions
 a - a potion of attraction
 d - 3 potions of mutation
 f - 2 potions of flight
 h - 3 potions of haste
 j - a potion of resistance {unknown}
 m - 2 potions of curing
 v - a potion of brilliance {unknown}
 x - 3 potions of heal wounds {unknown}
 z - a potion of degeneration {unknown}
 H - a potion of might {unknown}
Miscellaneous
 I - a tin of tremorstones (2/2)


   Skills:
 + Level 15.1 Fighting
 + Level 15.1 Axes
 - Level 2.4 Armour
 - Level 2.1 Dodging
 - Level 4.0 Shields


You had 10 spell levels left.
You didn't know any spells.
Your spell library was empty.

Dungeon Overview and Level Annotations

Branches:
Dungeon (12/15)            Temple (0/1) D:7            Lair (0/6) D:9
    Orc (0/2) D:10

Altars:
Cheibriados
Dithmenos
Elyvilon
Gozag
Makhleb
Qazlal
Ru
Xom
Yredelemnul
Zin
Lugonu

Shops:
D:5 *   D:10 *   D:11 **

Annotations:
D:12 Nessos


Innate Abilities, Weirdness & Mutations

You have a pair of horns on your head.
You reflexively headbutt those who attack you in melee.


Message History

As you open the door, it creaks loudly!
There is an open door here.
You open the door.
A gargoyle comes into view. It is wielding a +0 flail.
Found 14 gold pieces.
Found a stone staircase leading down.
Nessos the Markscentaur comes into view.
Nessos shouts!
Nessos blinks!
There is an open door here.
Nessos gestures wildly while chanting.
Nessos seems to speed up.
The gargoyle hits you with a +0 flail.
You hit the gargoyle but do no damage. You block the gargoyle's attack.
Nessos wields a +2 longbow of flaming.
It bursts into flame!
Nessos shoots an arrow.
The arrow hits you! The arrow burns you.
You are poisoned.
The gargoyle hurls a stone arrow at you.
The stone arrow hits you!!
There is an open door, spattered with blood here.
You feel very sick.
Nessos shoots an arrow.
The arrow hits you! The arrow burns you.
You are more poisoned.
Nessos blinks!
You feel extremely sick.
Nessos shoots an arrow.
The arrow hits you! The arrow burns you.
You are lethally poisoned!
* * * LOW HITPOINT WARNING * * *
Unknown command.
* * * LOW HITPOINT WARNING * * *
You feel extremely sick.
There is an open door here.
* * * LOW HITPOINT WARNING * * *
You feel extremely sick.
You feel better.
Nessos shoots an arrow.
The arrow hits you!!
* * * LOW HITPOINT WARNING * * *
The arrow burns you!
You are lethally poisoned!
* * * LOW HITPOINT WARNING * * *
Nessos shoots an arrow.
The arrow hits you!
You die...

#.............#
#.............#
#.............#
#######'#######
#9### #####
#...# ####..y.
########c###
..y.....
#..........#
#yy.<
#...<@.....+
#....
+..........#
#....
#..........#
#....
#..........#
#....
#########+##
###.# #. ##


You could see Nessos (fast).

Vanquished Creatures
  Harold (D:7)
  Erica (D:10)
  A two-headed ogre (D:9)
  Pikel (D:8)
  A manticore (D:11)
  2 unseen horrors (D:10)
  4 kobold demonologists
  A hornet (D:9)
  Prince Ribbit (D:7)
  4 trolls (D:11)
  6 slime creatures
  A wraith (D:11)
  Sigmund (D:5)
  A wyvern (D:9)
  A shadow (D:11)
  2 steam dragons (D:10)
  5 vampire mosquitoes
  3 water moccasins
  An acid dragon (D:11)
  3 orc warriors
  3 sky beasts (D:6)
  A necrophage (D:4)
  An ogre (D:6)
  3 centaurs
  2 lemures (D:8)
  A kobold brigand (D:11)
  Blork the orc (D:4)
  A water moccasin zombie (D:6)
  3 bullfrogs
  6 scorpions
  5 killer bees
  6 electric eels (D:10)
  2 howler monkeys
  A bullfrog zombie (D:5)
  2 centaur zombies
  Crazy Yiuf (D:4)
  2 jellies
  4 orc priests
  2 bullfrog skeletons
  A hound (D:5)
  Ijyb (D:4)
  Natasha (thrice) (D:4)
  12 orc wizards
  A hound zombie (D:5)
  A mummy (D:3)
  4 gnolls
  7 adders
  A shadow imp (D:7)
  2 white imps
  An ufetubus (D:5)
  6 worms
  A dart slug (D:3)
  29 orcs
  A ball python (D:1)
  12 endoplasms
  2 giant cockroaches
  5 goblins
  3 hobgoblins
  15 jackals
  4 quokkas
  4 bats
  5 frilled lizards
  11 kobolds
  A rat (D:2)
221 creatures vanquished.

Vanquished Creatures (collateral kills)
  The ghost of Sekkong the Nimble, a journeyman MiBe of Trog (D:10)
1 creature vanquished.

Vanquished Creatures (others)
  3 demonic plants (D:11)
  A plant (D:11)
4 creatures vanquished.

Grand Total: 226 creatures vanquished

Notes
Turn   | Place    | Note
-------+----------+-------------------------------------------
     0 | D:1      | arson the Minotaur Berserker began the quest for the Orb.
     0 | D:1      | Reached XP level 1. HP: 19/19 MP: 0/0
   171 | D:1      | Reached XP level 2. HP: 27/27 MP: 1/1
   298 | D:1      | Found a faded altar of an unknown god.
  1082 | D:2      | Reached XP level 3. HP: 21/34 MP: 2/2
  1517 | D:2      | Reached ** piety under Trog
  1631 | D:2      | Reached XP level 4. HP: 38/41 MP: 3/3
  1742 | D:2      | Reached skill level 5 in Fighting
  1742 | D:2      | Reached skill level 5 in Axes
  2043 | D:3      | Found a snail-covered altar of Cheibriados.
  2286 | D:3      | Reached XP level 5. HP: 31/48 MP: 4/4
  2656 | D:3      | Found a large runed translucent door.
  2788 | D:3      | Found a large runed translucent door.
  3005 | D:3      | Found a burning altar of Makhleb.
  3016 | D:3      | Found a basalt altar of Yredelemnul.
  3120 | D:4      | Reached XP level 6. HP: 21/58 MP: 5/5
  3159 | D:4      | Noticed Blork the orc
  3256 | D:4      | Killed Blork the orc
  3451 | D:4      | Noticed Natasha
  3452 | D:4      | Noticed Ijyb
  3458 | D:4      | Killed Natasha
  3460 | D:4      | Killed Ijyb
  3465 | D:4      | Reached XP level 7. HP: 66/66 MP: 6/6
  3556 | D:4      | Noticed Natasha
  3565 | D:4      | Killed Natasha
  3565 | D:4      | Reached *** piety under Trog
  3619 | D:4      | Found a runed translucent door.
  3620 | D:4      | Noticed Crazy Yiuf
  3744 | D:4      | Noticed Natasha
  3751 | D:4      | Killed Natasha
  4081 | D:4      | Killed Crazy Yiuf
  4177 | D:5      | Entered Level 5 of the Dungeon
  4241 | D:5      | Found Vovaqu's General Store.
  4285 | D:5      | Bought a scroll of teleportation for 36 gold pieces
  4285 | D:5      | Bought a scroll of identify for 24 gold pieces
  4346 | D:5      | Noticed Sigmund
  4361 | D:5      | Killed Sigmund
  4464 | D:5      | Found the +3 warlock's mirror {reflect}
  4475 | D:5      | Found an opulent altar of Gozag.
  4515 | D:5      | Reached skill level 1 in Shields
  4544 | D:5      | Reached XP level 8. HP: 36/75 MP: 7/7
  6003 | D:6      | Reached skill level 10 in Fighting
  6003 | D:6      | Reached skill level 10 in Axes
  6113 | D:6      | Found a sacrificial altar of Ru.
  6352 | D:7      | Reached XP level 9. HP: 85/85 MP: 8/8
  6388 | D:7      | Found a stormy altar of Qazlal.
  6442 | D:7      | Found a staircase to the Ecumenical Temple.
  6442 | D:7      | Noticed Harold
  6456 | D:7      | Killed Harold
  6616 | D:7      | You fall into a shaft and drop 3 floors!
  6616 | D:10     | Entered Level 10 of the Dungeon
  6678 | D:10     | Found Okusuy's Gadget Gallery.
  6702 | D:9      | Noticed a two-headed ogre
  6726 | D:8      | Reached **** piety under Trog
  7254 | D:7      | Noticed Prince Ribbit
  7264 | D:7      | Killed Prince Ribbit
  7265 | D:7      | Reached XP level 10. HP: 97/97 MP: 9/9
  7384 | D:7      | Found a shimmering altar of Xom.
  7394 | D:7      | Noticed an angel
  7397 | D:7      | Found a glowing silver altar of Zin.
  7779 | D:8      | Noticed Pikel
  7798 | D:8      | Killed Pikel
  7996 | D:8      | Noticed Maurice
  7998 | D:8      | Noticed Maurice
  8002 | D:8      | Killed Maurice the water moccasin
  8819 | D:9      | Killed a two-headed ogre
  9052 | D:9      | Found a staircase to the Lair.
  9120 | D:10     | Found a staircase to the Orcish Mines.
  9143 | D:10     | Noticed a sea snake
  9264 | D:10     | Found a shadowy altar of Dithmenos.
  9580 | D:10     | Identified the +10 quarterstaff of Superiority {flame, rF+
                  | SInv}
  9613 | D:10     | Found a white marble altar of Elyvilon.
  9816 | D:10     | Found a large runed translucent door.
  9816 | D:10     | Found a large runed translucent door.
  9818 | D:10     | Noticed Sekkong's ghost (journeyman MiBe)
  9907 | D:10     | Noticed Erica
  9915 | D:10     | Killed Erica
  9916 | D:10     | Reached XP level 11. HP: 108/108 MP: 10/10
 10943 | D:10     | Killed Sekkong's ghost
 11275 | D:11     | Found a corrupted altar of Lugonu.
 12172 | D:11     | Found Ruibb's Specific Store.
 12175 | D:11     | Found Juevo's General Store.
 12982 | D:11     | Reached skill level 15 in Fighting
 12982 | D:11     | Reached skill level 15 in Axes
 13218 | D:12     | Noticed Nessos
 13228 | D:12     | HP: 1/112 [Nessos/arrow (9)]
 13228 | D:12     | Shot with an arrow by Nessos

Illustrated notes

Levels and vault maps discovered:
D:1:      dpeg_arrival_connections, layout_basic, basic_ecumenical_altar,
          minmay_bisected
D:2:      layout_rooms
D:3:      layout_loops_ring, slow_altar_1, jmf_multi_god_temple2,
          minmay_ruptured
D:4:      layout_cave_pools, uniq_natasha, uniq_blork_the_orc, uniq_ijyb,
          uniq_crazy_yiuf_cottage
D:5:      layout_loops_ring, kennysheep_little_box, serial_shops, shop_coins,
          uniq_sigmund
D:6:      layout_cave_pods, nicolae_ru_path_of_blood
D:7:      layout_basic, grunt_temple_overflow_order_and_chaos_1,
          grunt_qazlal_clouds, minmay_temple_entry_waves,
          hangedman_abyss_or_decor_stabs, uniq_prince_ribbit1, uniq_harold
D:8:      layout_layer_cave, patterned_corridor, uniq_maurice, uniq_pikel
D:9:      minmay_flawed_box, layout_cross, lair_entry_dummy
D:10:     layout_basic, marbit_many_paths, nicolae_dithmenos_the_darkroom,
          orc_0_dummy, ebering_ghost_disaster_area, serial_aquarium,
          aquarium_bridge_long_joined [aquarium_subvault_bridge,
          aquarium_subvault_bridge, aquarium_subvault_balcony,
          aquarium_subvault_bridge, aquarium_subvault_window,
          aquarium_subvault_bridge], aquarium_window_fake, aquarium_window_1,
          aquarium_window_corner, aquarium_window_fake, aquarium_view_4,
          nicolae_shop_gadgets, uniq_erica
D:11:     kennysheep_kobold_lugonu_temple, layout_irregular_city,
          nicolae_specific_store, roderic_serpentine_path
D:12:     layout_roguey, uniq_nessos

Skill      XL: |  1  2  3  4  5  6  7  8  9 10 11 |
---------------+----------------------------------+-----
Fighting       | 4 5 6 7 8 10 12 13 15 | 15.1
Axes           | 4 5 6 7 8 10 12 13 15 | 15.1
Shields        | 3 4 |  4.0
Armour         | |  2.4
Dodging        | |  2.1

Action                   |  1- 3 |  4- 6 |  7- 9 | 10-12 || total
-------------------------+-------+-------+-------+-------++-------
Melee: Hand axe          |    63 |    45 |       |       ||   108
       Headbutt          |    12 |    13 |    42 |    57 ||   124
       War axe           |       |    44 |   217 |   288 ||   549
Throw: Throwing net      |       |       |       |     2 ||     2
Invok: Berserk           |     1 |     2 |     7 |    11 ||    21
       Trog's Hand       |       |     1 |     1 |     6 ||     8
Evoke: Wand              |       |       |     2 |     1 ||     3
  Use: Scroll            |       |       |     5 |     9 ||    14
       Potion            |       |       |     2 |     1 ||     3
Armor: Animal skin       |     3 |     6 |       |       ||     9
       Ring mail         |       |     3 |    17 |       ||    20
       Chain mail        |       |       |    52 |   173 ||   225
Dodge: Dodged            |    38 |    41 |    75 |    74 ||   228
Block: Buckler           |       |       |    59 |    91 ||   150
       Reflection        |       |       |     5 |     8 ||    13

Table legend: (Time is in decaauts)
 A = Elapsed time spent in this place.
 B = Non-inter-level travel time spent in this place.
 C = Inter-level travel time spent in this place.
 D = Time resting spent in this place.
 E = Time spent auto-exploring this place.
 F = Levels seen in this place.
 G = Mean time per level.
                   A        B        C        D        E       F      G
               +--------+--------+--------+--------+--------+-----+--------+
         Total |  13420 |  13073 |    347 |   3659 |   7645 |  12 | 1118.3 |
       Dungeon |  13420 |  13073 |    347 |   3659 |   7645 |  12 | 1118.3 |
               +--------+--------+--------+--------+--------+-----+--------+

Top non-repeatable levels by time:
    D:10: 2090 daAuts
    D:11: 1917 daAuts
     D:8: 1249 daAuts
     D:2: 1201 daAuts
     D:4: 1124 daAuts
     D:5: 1089 daAuts
     D:3: 1084 daAuts
     D:6: 1026 daAuts
     D:7: 927 daAuts
     D:1: 820 daAuts
     D:9: 809 daAuts
    D:12: 79 daAuts
